Map: 世界主宰-天梯版

Players

TIME (Oliveira) - Winner!

  • Race: Terran Terran
  • League: Grandmaster

cyan

  • Race: Protoss Protoss
  • League: Grandmaster

Event: DreamHack SC2 Masters 2021 Winter

VOD

Have the link to the VOD?

Description

Time

  • Played on: Oct. 10, 2021, 8:57 a.m.
  • Length: 7:20

All games in this series

Show
View Real Time Build Order
Export as new Build Order

TIME Terran - Winner!

Build Orders:  

Get SALT Encoding   

  12  0:00  SCV  
  13  0:12  SCV  
  14  0:17  Supply Depot  
  14  0:24  SCV  
  15  0:38  SCV  
  15  0:40  Barracks  
  16  0:44  Refinery  
  16  0:51  SCV  
  17  1:03  SCV  
  18  1:15  SCV  
  19  1:27  Marine, Orbital Command  
  20  1:44  Command Center  
  20  1:53  SCV  
  21  1:57  Factory  
  21  2:03  Barracks Reactor  
  21  2:05  SCV  
  22  2:13  Bunker  
  22  2:15  Supply Depot  
  22  2:18  SCV  
  23  2:23  Refinery  
  23  2:37  SCV  
  23  2:43  Starport  
  24  2:47  Hellion x2  
  24  2:49  SCV  
  29  2:56  Orbital Command  
  29  3:01  SCV  
  30  3:08  Widow Mine  
  30  3:09  Widow Mine  
  34  3:13  SCV  
  34  3:19  Medivac  
  37  3:22  SCV  
  37  3:23  Supply Depot  
  37  3:26  SCV  
  39  3:30  Widow Mine  
  43  3:34  Widow Mine  
  43  3:35  Barracks Tech Lab  
  43  3:37  SCV  
  43  3:40  SCV  
  45  3:49  SCV  
  45  3:52  Supply Depot, SCV, Starport Tech Lab  
  47  4:01  SCV  
  48  4:04  SCV, Marine x2  
  48  4:08  Barracks  
  51  4:10  Barracks  
  51  4:13  Siege Tank  
  54  4:17  SCV  
  54  4:18  SCV  
  54  4:19  Refinery  
  54  4:23  Marine  
  57  4:29  SCV  
  56  4:32  Viking  
  56  4:33  SCV  
  56  4:35  Engineering Bay, Marine  
  58  4:41  Supply Depot, SCV  
  58  4:42  Marine  
  58  4:45  SCV  
  62  4:53  Marine  
  62  4:57  SCV x2  
  58  5:01  Stimpack, Marine  
  58  5:03  Factory Reactor  
  58  5:05  Missile Turret  
  58  5:06  Terran Infantry Weapons Level 1  
  59  5:09  Missile Turret, Combat Shield  
  59  5:10  Marine x2  
  59  5:11  Marine  
  59  5:12  SCV  
  63  5:15  SCV  
  63  5:19  Marine  
  65  5:21  Supply Depot  
  65  5:22  Supply Depot  
  65  5:23  Starport Reactor  
  65  5:26  SCV  
  65  5:27  SCV, Marine  
  68  5:29  Marine x2  
  68  5:35  Refinery  
  70  5:43  Marauder, Widow Mine x2, Supply Depot  
  70  5:45  Supply Depot  
  70  5:47  Marine  
  70  5:48  Marauder, Marine  
  80  6:03  Medivac x2  
  84  6:04  Marauder  
  84  6:05  Marine  
  84  6:06  Marine  
  84  6:07  Supply Depot  
  84  6:09  Marauder  
  90  6:16  Supply Depot  
  90  6:18  Widow Mine x2  
  92  6:23  Marine  
  91  6:26  Marine  
  91  6:28  Concussive Shells  
  91  6:29  Marauder  
  91  6:31  SCV x2  
  96  6:33  Command Center  
  96  6:42  Medivac x2  
  96  6:44  Widow Mine x2  
  96  6:45  Marauder  
  104  6:51  Supply Depot  
  104  6:54  SCV x2  
  104  6:55  Marine x2  
Show
View Real Time Build Order
Export as new Build Order

cyan Protoss 

Build Orders: 1 Gate Expand, Phoenix Opening 

Get SALT Encoding   

  12  0:00  Probe  
  13  0:12  Probe  
  14  0:18  Pylon  
  14  0:24  Probe (Chrono Boost)  
  15  0:36  Probe (Chrono Boost)  
  15  0:39  Gateway  
  16  0:45  Probe (Chrono Boost)  
  16  0:46  Assimilator  
  17  0:51  Probe  
  18  1:03  Probe  
  19  1:15  Probe  
  20  1:27  Cybernetics Core  
  20  1:33  Nexus  
  20  1:37  Probe  
  21  1:45  Pylon  
  21  1:49  Probe  
  21  1:52  Assimilator  
  22  2:00  Adept (Chrono Boost)  
  22  2:01  Probe (Chrono Boost)  
  25  2:13  Probe (Chrono Boost)  
  26  2:21  Stargate  
  26  2:22  Probe (Chrono Boost)  
  27  2:28  Stalker, Probe  
  30  2:38  Warp Gate  
  31  2:44  Probe (Chrono Boost)  
  31  2:45  Probe (Chrono Boost)  
  32  2:55  Probe (Chrono Boost)  
  32  2:56  Probe (Chrono Boost)  
  34  3:00  Adept, Probe (Chrono Boost)  
  34  3:05  Probe  
  38  3:07  Pylon  
  38  3:08  Phoenix (Chrono Boost)  
  38  3:12  Probe  
  41  3:17  Probe  
  42  3:24  Gateway  
  42  3:26  Gateway  
  42  3:28  Phoenix (Chrono Boost)  
  42  3:33  Probe  
  45  3:36  Probe  
  46  3:42  Pylon  
  46  3:45  Probe  
  47  3:49  Probe  
  47  3:53  Phoenix (Chrono Boost)  
  50  3:57  Probe  
  50  4:01  Probe  
  52  4:06  Nexus  
  52  4:10  Phoenix (Chrono Boost)  
  52  4:14  Probe  
  52  4:15  Probe  
  56  4:18  Pylon  
  56  4:26  Probe  
  46  4:32  Probe  
  46  4:38  Stalker x2, Probe (Chrono Boost)  
  52  4:47  Probe (Chrono Boost)  
  52  4:48  Phoenix  
  52  4:50  Probe (Chrono Boost)  
  55  4:59  Probe (Chrono Boost)  
  57  5:00  Probe (Chrono Boost)  
  57  5:01  Assimilator  
  57  5:04  Assimilator, Probe  
  58  5:08  Probe  
  58  5:11  Twilight Council  
  59  5:18  Probe (Chrono Boost)  
  62  5:21  Probe (Chrono Boost), Forge  
  62  5:24  Probe (Chrono Boost)  
  62  5:32  Probe (Chrono Boost)  
  62  5:33  Probe (Chrono Boost)  
  62  5:35  Probe (Chrono Boost)  
  65  5:37  Probe (Chrono Boost)  
  65  5:40  Probe  
  67  5:42  Gateway  
  67  5:43  Charge (Chrono Boost)  
  67  5:44  Gateway, Probe  
  67  5:48  Probe  
  67  5:49  Gateway  
  69  5:53  Probe  
  70  5:58  Gateway  
  70  6:01  Probe  
  71  6:07  Gateway  
  71  6:08  Probe  
  71  6:10  Pylon  
  72  6:14  Probe  
  72  6:15  Sentry  
  74  6:19  Zealot, Sentry  
  74  6:21  Probe  
  74  6:23  Probe  
  80  6:26  Shield Battery  
  80  6:28  Shield Battery  
  80  6:33  Pylon  
  80  6:34  Pylon  
  80  6:35  Probe  
  81  6:42  Zealot x3  
  81  6:45  Zealot  
  89  6:47  Zealot  
  89  6:49  Zealot  
  89  6:53  Pylon  
  93  7:07  Zealot x4  
  79  7:12  Zealot x2  

Tags
 
Add a new tag
Caveats
  • Supply blocks, unpowered buildings, or Contaminate may cause inaccurate times.
  • Supply counts are checked every 10 seconds.